 Dungeon Crawl Stone Soup version 0.18-a0-1147-g8e8348b (webtiles) character file.

415 st0uf the Insei (level 6, -8/47 HPs)
             Began as a Draconian Transmuter on Jan 23, 2016.
             Was an Initiate of Sif Muna.
             Mangled by an ice beast (11 damage)
             ... on level 5 of the Dungeon.
             The game lasted 00:15:23 (3356 turns).

st0uf the Insei (Draconian Transmuter)              Turns: 3356, Time: 00:15:24

Health: -8/47      AC:  2    Str: 12    XL:     6   Next: 60%
Magic:  6/9        EV: 22    Int: 15    God:    Sif Muna [......]
Gold:   200        SH:  0    Dex: 17    Spells: 3 memorised, 3 levels left

rFire  . . .     SeeInvis .       - Unarmed
rCold  . . .     Gourm    .     (armour unavailable)
rNeg   . . .     Faith    .     (shield currently unavailable)
rPois  x         Spirit   .     (helmet currently unavailable)
rElec  .         Dismiss  .     (cloak currently unavailable)
rCorr  .         Reflect  .     (gloves currently unavailable)
SustAt .         Harm     .     (boots currently unavailable)
MR     .....                    (no amulet)
Stlth  ++........               (no ring)
                                (no ring)

@: spider-form (expiring), not resistant to hostile enchantments, unstealthy
A: unfitting armour, (cold-blooded), AC +6
a: End Transformation, Renounce Religion


You were on level 5 of the Dungeon.
You worshipped Sif Muna.
Sif Muna was noncommittal.
You were hungry.
You were a venomous arachnid creature.
You visited 1 branch of the dungeon, and saw 5 of its levels.

You collected 200 gold pieces.

Inventory:

Missiles
 a - 12 arrows
Scrolls
 d - 3 scrolls of teleportation {unknown}
 e - 4 scrolls of identify {unknown}
 f - 2 scrolls of remove curse {unknown}
 g - a scroll of blinking {unknown}
 h - a scroll of noise {unknown}
 i - a scroll of enchant armour {unknown}
 m - 2 scrolls of fog {unknown}
 q - a scroll of magic mapping {unknown}
Potions
 j - a potion of magic {unknown}
 k - 2 potions of lignification {unknown}
 o - a potion of resistance {unknown}
Books
 b - a book of Changes

   Spells                             Type                      Level
   a - Beastly Appendage              Transmutation                1
   b - Sticks to Snakes               Transmutation                2
   c - Spider Form                    Transmutation/Poison         3
   d - Ice Form                       Ice/Transmutation            4
   e - Blade Hands                    Transmutation                5
Comestibles
 c - a bread ration
 l - a fruit
 n - a meat ration
 p - a slice of pizza


   Skills:
 + Level 1.1 Fighting
 + Level 3.8 Dodging
 + Level 4.6 Unarmed Combat
 + Level 2.0 Spellcasting
 * Level 4.5 Transmutations
 + Level 1.1 Poison Magic


You had 3 spell levels left.
You knew the following spells:

 Your Spells              Type           Power        Failure   Level  Hunger
a - Beastly Appendage     Trmt           ###...       12%         1    #......
b - Sticks to Snakes      Trmt           ###.....     17%         2    ###....
c - Spider Form           Trmt/Pois      ##........   45%         3    ###....


Dungeon Overview and Level Annotations

Branches:
Dungeon (5/15)
 Temple: D:4-7

Altars:
Kikubaaqudgha
Qazlal
Sif Muna
Xom

Annotations:
D:4 Dowan


Innate Abilities, Weirdness & Mutations

((Your plain brown scales are hard (AC +6).))
Your body does not fit into most forms of armour.
((You are cold-blooded and may be slowed by cold attacks.))


Message History

You hit the ice beast.
The ice beast is moderately wounded.
The ice beast hits you. The ice beast freezes you!
You hit the ice beast but do no damage.
The ice beast is moderately wounded.
The ice beast closely misses you.
You hit the ice beast.
The ice beast is moderately wounded.
Your transformation is almost over.
The ice beast hits you. The ice beast freezes you!
You hit the ice beast.
The ice beast is heavily wounded.
The ice beast hits you. The ice beast freezes you!
* * * LOW HITPOINT WARNING * * *
You bite the ice beast!
The ice beast is severely wounded.
The ice beast hits you.
* * * LOW HITPOINT WARNING * * *
The ice beast freezes you!
You die...

##### ###.######## .....
#.....##...# ......
#.....#..... ......
#.....#.....
......########.....#.....
...........(.............
........รท#####.......#...
###..................##..
........s............##..
.....###Y................
..... #....######...##..
#### #....# #...##..
....... ........ .........
... ............
.............
..............


You could see an ice beast.

Vanquished Creatures
  An ogre (D:4)
  2 vampire bats (D:5)
  A crimson imp (D:5)
  A giant frog skeleton (D:4)
  2 worker ants
  A worker ant zombie (D:4)
  4 adders
  2 shadow imps (D:5)
  A worm (D:2)
  3 giant geckos
  11 orcs
  3 bats
  A bat skeleton (D:5)
  3 bat zombies (D:5)
  A goblin (D:2)
  7 hobgoblins
  6 jackals (D:1)
  7 kobolds
  7 giant newts
  6 rats
70 creatures vanquished.

Notes
Turn   | Place    | Note
--------------------------------------------------------------
     0 | D:1      | st0uf the Draconian Transmuter began the quest for the Orb.
     0 | D:1      | Reached XP level 1. HP: 16/16 MP: 3/3
   460 | D:1      | Reached XP level 2. HP: 23/23 MP: 3/5
   769 | D:2      | Reached XP level 3. HP: 17/28 MP: 4/6
   887 | D:2      | Learned a level 2 spell: Sticks to Snakes
   891 | D:2      | Learned a level 3 spell: Spider Form
   962 | D:4      | Noticed Dowan
  1283 | D:2      | Reached XP level 4. HP: 31/35 MP: 5/7
  1801 | D:4      | Noticed an ogre
  1809 | D:4      | Killed an ogre
  1809 | D:4      | Reached skill level 4 in Unarmed Combat
  1809 | D:4      | Reached XP level 5. HP: 21/40 MP: 4/8
  2287 | D:5      | Entered Level 5 of the Dungeon
  2322 | D:5      | Found a deep blue altar of Sif Muna.
  2342 | D:5      | Became a worshipper of Sif Muna the Loreminder
  2785 | D:5      | Reached XP level 6. HP: 47/47 MP: 5/9
  2856 | D:5      | Found an ancient bone altar of Kikubaaqudgha.
  3014 | D:5      | Found a stormy altar of Qazlal.
  3017 | D:5      | Found a shimmering altar of Xom.
  3100 | D:5      | Reached skill level 1 in Poison Magic
  3258 | D:5      | Noticed an ice beast
  3356 | D:5      | Mangled by an ice beast

Vault maps used:
D:1:      lightli_arrival_farm
D:2:      uniq_jessica
D:3:      first_bread, okawaru_altar_gauntlet_db
D:4:      uniq_duvessa
D:5:      amethyst_overflow_temple_binary, kennysheep_vampire_church,
          lemuel_doored_altar, serial_shops, kennysheep_mini, basic_altar,
          minmay_misc_feat_enclosed

Action                   |  1- 3 |  4- 6 || total
-------------------------+-------+-------++-------
Melee: Unarmed           |   108 |   176 ||   284
 Cast: Beastly Appendage |    21 |    15 ||    36
       Spider Form       |     1 |    11 ||    12
 Stab: Sleeping          |       |     1 ||     1
  Eat: Chunk             |     2 |     9 ||    11
